 Dungeon Crawl Stone Soup version 0.30.1 (webtiles) character file.

Game seed: 16359455348883262933

1984 Pepete the Magician (level 9, -4/62 HPs)
             Began as a Djinni Fire Elementalist on July 5, 2023.
             Was an Initiate of Gozag.
             Slain by a two-headed ogre
             ... wielding a +0 giant spiked club
              (26 damage)
             ... on level 6 of the Dungeon.
             The game lasted 00:36:36 (14681 turns).

Pepete the Magician (Djinni Fire Elementalist)     Turns: 14681, Time: 00:36:36

Health: -4/62      AC: 12    Str:  4    XL:     9   Next: 44%
Gold:   236        EV: 11    Int: 21    God:    Gozag SH:  0 Dex: 14

rFire   + + +        u - +7 long sword of Accidental Termination {flame, rPois rN++ Str-3 SInv}
rCold   . . .        (no shield)
rNeg    + + +        B - +2 leather armour of Mageith {Fly rC+}
rPois   ∞            v - +2 helmet
rElec   .            A - +2 cloak
rCorr   .            (no gloves)
SInv    +            (boots unavailable)
Will    .....        (no amulet)
Stlth   ++           b - ring of positive energy
HPRegen 0.30/turn    y - ring of protection from fire
MPRegen 0.00/turn

%: infuse magic (-5 HP)
@: flying
A: sickness immunity, fire resistance 2, cold vulnerability 1, float, innate
caster, HP casting, extra vitality 1
a: Renounce Religion, Potion Petition, Call Merchant, Bribe Branch


You were on level 6 of the Dungeon.
You worshipped Gozag.
Gozag was aware of your devotion.
You visited 2 branches of the dungeon, and saw 7 of its levels.
You also visited: Ossuary.

You collected 956 gold pieces.
You spent 616 gold pieces at shops.
You paid 104 gold pieces to Gozag.

Inventory:

Hand Weapons
 f - a +0 long sword
 r - a +0 great sword
 u - the +7 long sword of Accidental Termination (weapon) {flame, rPois rN++ Str-3 SInv}
   (You found it on level 6 of the Dungeon)

   Str:       It affects your strength (-3).
   rPois:     It protects you from poison.
   rN:        It greatly protects you from negative energy.
   SInv:      It lets you see invisible.
Armour
 a - a +0 robe
 p - the +1 robe of Besostrurr {Str+6}
   (You bought it in a shop on level 2 of the Dungeon)

   Str:       It affects your strength (+6).
 v - a +2 helmet (worn)
 A - a +2 cloak (worn)
 B - the +2 leather armour of Mageith (worn) {Fly rC+}
   (You bought it in a shop on level 2 of the Dungeon)

   rC:        It protects you from cold.
   Fly:       It grants you flight.
 C - a +0 tower shield
Jewellery
 b - a ring of positive energy (left hand)
 y - a ring of protection from fire (right hand)
Wands
 o - a wand of digging (5)
Scrolls
 g - 3 scrolls of blinking
 h - 2 scrolls of identify
 j - 3 scrolls of fog
 k - 5 scrolls of teleportation
 l - a scroll of noise
 q - a scroll of immolation
 x - a scroll of enchant weapon
Potions
 c - 3 potions of might {unknown}
 d - 2 potions of mutation {unknown}
 e - 3 potions of lignification {unknown}
 i - a potion of brilliance
 m - 6 potions of curing
 n - 3 potions of flight
 s - a potion of haste
 t - a potion of berserk rage
 w - a potion of degeneration
 z - 2 potions of attraction {unknown}


   Skills:
 - Level 4.3 Fighting
 + Level 4.8 Armour
 - Level 2.1 Dodging
 - Level 1.5 Stealth
 * Level 3.2 Shields
 * Level 6.1 Spellcasting
 + Level 4.9 Invocations


You knew the following spells:

 Your Spells              Type           Power      Damage    Failure   Level
a - Foxfire               Conj/Fire      100%       2x1d9     1%          1
b - Scorch                Fire           64%        2d7       1%          2
c - Volatile Blastmotes   Fire/Tloc      64%        2d15      4%          3
d - Inner Flame           Hex/Fire       32%        N/A       4%          3
e - Flame Wave            Conj/Fire      32%        2d9       13%         4
f - Slow                  Hex            100%       N/A       1%          1
g - Call Imp              Summ           64%        N/A       1%          2
h - Lesser Beckoning      Tloc           64%        N/A       1%          2
i - Petrify               Tmut/Erth      32%        N/A       13%         4
Your spell library was empty.

Dungeon Overview and Level Annotations

Branches:
Dungeon (6/15)             Temple (1/1) D:4         Ossuary (visited)

Altars:
Ashenzari
Cheibriados
Dithmenos
Elyvilon
Fedhas
Gozag
Hepliaklqana
Makhleb
Nemelex Xobeh
Okawaru
Qazlal
Ru
Trog
Uskayaw
Wu Jian
Xom
Yredelemnul
Zin
The Shining One

Shops:
D:1 **[[   D:2 *(=[   D:3 ==

Annotations:
D:4 2 transporters, xerfel's ghost, amateur DjFE
D:6 Maggie


Innate Abilities, Weirdness & Mutations

You are immune to sickness and miasma.
You are immune to poison.
Your flesh is very heat resistant. (rF++)
You are vulnerable to cold. (rC-)
You float through the air rather than walking.
You learn spells naturally, not from books.
Your magical power is your life essence.
You have superior vitality. (+4 MHP)


Message History

Casting: Volatile Blastmotes (dangerous; 4% risk of failure)
Confirm with . or Enter, or press ? or * to list all spells.
A cloud of volatile blastmotes flares up around you!
The cloud of blastmotes explodes!
The concussive blast engulfs the two-headed ogre!!
The two-headed ogre is moderately wounded.
Casting: Volatile Blastmotes (dangerous; 4% risk of failure)
Confirm with . or Enter, or press ? or * to list all spells.
A cloud of volatile blastmotes flares up around you!
The cloud of blastmotes explodes!
The concussive blast engulfs the two-headed ogre.
The two-headed ogre is heavily wounded.
The concussive blast engulfs you. You resist.
Your magical contamination has completely faded away.
Casting: Volatile Blastmotes (dangerous; 4% risk of failure)
Confirm with . or Enter, or press ? or * to list all spells.
A cloud of volatile blastmotes flares up around you!
The two-headed ogre hits you with a +0 giant spiked club!!
The two-headed ogre misses you.
The cloud of blastmotes explodes!
The concussive blast engulfs the two-headed ogre!!
The two-headed ogre is severely wounded.
The concussive blast engulfs you. You resist.
You are knocked back by the blast.
Casting: Volatile Blastmotes (dangerous; 4% risk of failure)
Confirm with . or Enter, or press ? or * to list all spells.
A cloud of volatile blastmotes flares up around you!
The cloud of blastmotes explodes!
The concussive blast engulfs the two-headed ogre!
The two-headed ogre is almost dead.
The concussive blast engulfs you. You resist.
You are knocked back by the blast.
Casting: Volatile Blastmotes (dangerous; 4% risk of failure)
Confirm with . or Enter, or press ? or * to list all spells.
A cloud of volatile blastmotes flares up around you!
The two-headed ogre attacks as you move away!
The two-headed ogre barely misses you.
The two-headed ogre hits you with a +0 giant club!!
You die...
Your body crumbles into a pile of gold.

#.....#............#....#..#.....
...#....................#........
##.#(###...#....##......##.#.#...
[..#..$......##.##..............#
#..:..#......##.##....#...##....#
#.###.#......##.................#
#..!..#...........>.....#.......#
...#......#.#######.#.#........<.
##.#.###..#....O@...#'#...#.....#
.#. ....#########.....###......
.......#......# #..............
###...##......# #.........#....
....# #......###.....#####....
...# #...............# #.###
#..).....#.#.##.####)###
###......#.#.##.#.......
#......#.#.##(#.....##


You could see a two-headed ogre.

Vanquished Creatures
  Pargi (D:3)
  3 ice beasts
  2 ogres
  A black bear (D:4)
  2 water moccasin zombies (Ossuary)
  A scorpion (D:4)
  4 wights (D:6)
  A howler monkey (D:5)
  4 hounds
  3 orc priests
  3 jellies
  A gnoll bouda (D:5)
  5 iguanas
  Jessica (D:3)
  4 orc wizards
  2 mummies (Ossuary)
  12 adders
  8 gnolls
  An ufetubus (D:3)
  3 adder zombies (Ossuary)
  3 dart slugs
  A worm (D:3)
  20 orcs
  8 ball pythons
  3 bats
  12 endoplasms
  A giant cockroach (D:1)
  3 gnoll zombies (Ossuary)
  8 goblins
  8 hobgoblins
  10 jackals
  12 kobolds
  2 quokkas
  6 frilled lizards
  6 hobgoblin zombies (Ossuary)
  5 kobold zombies (Ossuary)
  4 orc zombies (Ossuary)
  3 rats
177 creatures vanquished.

Vanquished Creatures (others)
  590 foxfires
590 creatures vanquished.

Grand Total: 767 creatures vanquished

Notes
Turn   | Place    | Note
-------+----------+-------------------------------------------
     0 | D:1      | Pepete the Djinni Fire Elementalist began the quest for the
                  | Orb.
     0 | D:1      | Pepete set off with the following spells memorised:
                  | Foxfire, Scorch, Volatile Blastmotes, Inner Flame, Flame
                  | Wave.
     0 | D:1      | Reached XP level 1. HP: 15/15 MP: 0/0
    25 | D:1      | Found Oneoduh's General Store.
   241 | D:1      | Reached XP level 2. HP: 20/22 MP: 0/0
   277 | D:1      | Found Nauhunk's Antique Armour Shoppe.
   357 | D:1      | Found Sissuede's Antique Armour Shop.
   691 | D:1      | Reached XP level 3. HP: 20/26 MP: 0/0
   691 | D:1      | Learned a level 1 spell: Slow
   741 | D:1      | Found Seynnaru's Assorted Antiques.
   753 | D:1      | Reached skill level 1 in Invocations
   768 | D:1      | Reached skill level 1 in Fighting
   768 | D:1      | Reached skill level 1 in Armour
  1769 | D:2      | Found Xaroumn's Antique Armour Boutique.
  2025 | D:2      | Reached skill level 3 in Spellcasting
  2033 | D:2      | Reached XP level 4. HP: 24/32 MP: 0/0
  2456 | D:2      | Reached XP level 5. HP: 33/37 MP: 0/0
  2456 | D:2      | Learned a level 2 spell: Call Imp
  2737 | D:2      | Found Ychurph's General Store.
  2921 | D:2      | Found Zonn's Weapon Shop.
  2959 | D:2      | Found Jac Zaf's Jewellery Emporium.
  3572 | D:3      | Found Baru's Jewellery Shop.
  3693 | D:3      | Noticed Jessica
  3732 | D:3      | Killed Jessica
  3733 | D:3      | Reached XP level 6. HP: 23/43 MP: 0/0
  4114 | D:3      | Found a sacrificial altar of Ru.
  4187 | D:3      | Noticed Pargi
  4201 | D:3      | Killed Pargi
  4705 | D:3      | Found Nyisit's One-of-a-Kind Rings.
  4772 | D:2      | Bought a tattered robe for 153 gold pieces
  4772 | D:2      | Identified the +1 robe of Besostrurr {Str+6} (You bought it
                  | in a shop on level 2 of the Dungeon)
  5097 | D:4      | Reached skill level 4 in Spellcasting
  5271 | D:4      | Found a staircase to the Ecumenical Temple.
  5291 | Temple   | Entered the Ecumenical Temple
  5658 | D:4      | Reached XP level 7. HP: 48/49 MP: 0/0
  5658 | D:4      | Learned a level 2 spell: Lesser Beckoning
  7713 | Temple   | Became a worshipper of Gozag Ym Sagoz the Greedy
  7809 | D:4      | Found a transporter.
  7831 | D:4      | Noticed xerfel's ghost (amateur DjFE)
  8164 | D:4      | Found a transporter.
  8390 | D:5      | Entered Level 5 of the Dungeon
  8499 | D:5      | Found a sand-covered staircase.
  8504 | Ossuary  | Entered an ossuary
  8553 | Ossuary  | Reached XP level 8. HP: 16/56 MP: 0/0
 10151 | D:5      | Reached skill level 5 in Spellcasting
 12723 | D:6      | Identified the +7 long sword of Accidental Termination
                  | {flame, rPois rN++ Str-3 SInv}
 12900 | D:2      | Bought an embroidered cloak for 202 gold pieces
 12910 | D:2      | Bought an encrusted leather armour for 189 gold pieces
 12910 | D:2      | Identified the +2 leather armour of Mageith {Fly rC+} (You
                  | bought it in a shop on level 2 of the Dungeon)
 13055 | D:1      | Bought a tower shield for 72 gold pieces
 13257 | D:6      | Reached skill level 1 in Shields
 13271 | D:6      | Reached XP level 9. HP: 54/62 MP: 0/0
 13271 | D:6      | Learned a level 4 spell: Petrify
 13297 | D:6      | Noticed a two-headed ogre
 13945 | D:6      | Reached skill level 6 in Spellcasting
 14266 | D:6      | Noticed Maggie
 14681 | D:6      | Slain by a two-headed ogre

Illustrated notes

Levels and vault maps discovered:
D:1:      amcnicky_arrival_double_pillar, layout_loops_ring, serial_shops,
          nicolae_shop_crystal, shop, nicolae_shop_overgrown_old_shop,
          shop_fountains
D:2:      layout_basic, serial_shops, nicolae_shop_peninsula, shop, shop, shop
D:3:      layout_loops_ring, nicolae_ru_the_path_less_chosen, serial_shops,
          nicolae_shop_just_a_little_nook, nicolae_shop_unique_rings,
          chequers_garden, st_stairs_8, grunt_ministairs_14, uniq_jessica,
          uniq_pargi
D:4:      layout_loops_corners, minmay_temple_entry_trees,
          gammafunk_ghost_gnarly_gnolls
D:5:      layout_basic, nicolae_ossuary_entry_plus,
          chequers_serial_rivers_small_b
D:6:      hangedman_cross_stitches, layout_basic, uniq_maggie
Temple:   roderic_octagonal_lattice_temple

Skill      XL: |  1  2  3  4  5  6  7  8  9 |
---------------+----------------------------+-----
Invocations    | 1 2 3 4 |  4.9
Fighting       | 1 2 3 4 |  4.3
Armour         | 1 2 3 4 |  4.8
Spellcasting   | 3 4 5 6 |  6.1
Shields        | 1 3 |  3.2
Dodging        | |  2.1
Stealth        | |  1.5

Action                     |  1- 3 |  4- 6 |  7- 9 || total
---------------------------+-------+-------+-------++-------
  Melee: Unarmed           |     8 |       |       ||     8
         Great sword       |       |       |     1 ||     1
   Cast: Foxfire           |   103 |   160 |   160 ||   423
         Volatile Blastmot |       |    12 |    74 ||    86
         Scorch            |       |       |    20 ||    20
    Use: Scroll            |       |       |    16 ||    16
         Potion            |       |       |     4 ||     4
 Armour: Robe              |     5 |     6 |    12 ||    23
         Leather armour    |       |       |     5 ||     5
  Dodge: Dodged            |    19 |    13 |    50 ||    82
